 Dungeon Sprint DCSS version 0.26-a0-665-gefeb406119 (webtiles) character file.

Game seed: 15243870151577949278

1757 sahdkjhfkaj the Martial Artist (level 9, 0/71 HPs)
             Began as an Octopode Monk on Oct 14, 2020.
             Was an Initiate of Gozag.
             Slain by an elephant (12 damage)
             ... in the Dungeon (Sprint VII: "The Pits").
             The game lasted 00:02:44 (1089 turns).

sahdkjhfkaj the Martial Artist (Octopode Monk)      Turns: 1089, Time: 00:02:44

Health: 0/71       AC:  1    Str: 14    XL:     9   Next: 6%
Magic:  9/9        EV: 20    Int: 12    God:    Gozag
Gold:   379        SH:  0    Dex: 14    Spells: 8/8 levels left

rFire    . . .     SeeInvis .     - Unarmed
rCold    . . .     Faith    .   (no shield)
rNeg     . . .     Spirit   .   (helmet restricted)
rPois    .         Reflect  .   (no amulet)
rElec    .         Harm     .   (no ring)
rCorr    .         Rampage  .   (no ring)
MR       .....     NoTele   +   (no ring)
Stlth    +++.......             (no ring)
HPRegen  0.21/turn              (no ring)
MPRegen  0.11/turn              (no ring)
                                (no ring)
                                (no ring)

@: no status effects
A: almost no armour, stealthy swim, amphibious, 8 rings, constrict 8, camouflage
1, gelatinous body 1
a: Potion Petition, Call Merchant, Bribe Branch, Renounce Religion


You were in the Dungeon.
You worshipped Gozag.
Gozag was aware of your devotion.
You visited 1 branch You collected 1791 gold pieces.
You spent 144 gold pieces at shops.
You paid 1268 gold pieces to Gozag.

Inventory:

Missiles
 j - a throwing net (quivered)
Jewellery
 l - a +3 ring of protection
 m - a +3 ring of dexterity
Scrolls
 f - 2 scrolls of blinking
 h - 2 scrolls of remove curse
 i - 5 scrolls of amnesia
 k - 2 scrolls of vulnerability
Potions
 a - 5 potions of curing
 b - 14 potions of heal wounds
 c - 4 potions of haste
 d - 4 potions of magic
 e - 2 potions of berserk rage
 g - 2 potions of invisibility


   Skills:
 + Level 10.4 Fighting
 + Level 10.4 Dodging
 - Level 2.6 Stealth
 * Level 13.8 Unarmed Combat


You had 8 spell levels left.
You didn't know any spells.
Your spell library was empty.

Dungeon Overview and Level Annotations

Branches:
Dungeon (1/1)

Altars:
Ashenzari
Cheibriados
Dithmenos
Elyvilon
Fedhas
Gozag
Hepliaklqana
Kikubaaqudgha
Makhleb
Nemelex Xobeh
Okawaru
Qazlal
Ru
Sif Muna
Trog
Uskayaw
Vehumet
Wu Jian
Xom
Yredelemnul
Zin
The Shining One
Beogh
Jiyva
Lugonu

Shops:
D ?*


Innate Abilities, Weirdness & Mutations

You cannot wear most types of armour.
You are very stealthy in the water. (Stealth+)
You are amphibious.
You can wear up to eight rings at the same time.
You can use your tentacles to constrict eight enemies at once.
Your skin changes colour to match your surroundings (Stealth+).
Your rubbery body absorbs attacks. (AC +1, EV +1)


Message History

The elephant tramples you.
* * * LOW HITPOINT WARNING * * *
You stumble backwards!
You tentacle-slap the elephant but do no damage.
You tentacle-slap the elephant.
The elephant is moderately wounded.
You tentacle-slap the elephant. You squeeze the elephant.
The elephant is moderately wounded.
The elephant tramples you!
* * * LOW HITPOINT WARNING * * *
You stumble backwards!
You bludgeon the elephant!
The elephant is heavily wounded.
The elephant closely misses you. The elephant trunk-slaps you.
* * * LOW HITPOINT WARNING * * *
You batter the elephant!! You squeeze the elephant.
The elephant is almost dead.
The elephant tramples you!
You die...
Your body crumbles into a pile of gold.

############
#_________.#
#_________.#
#_______...########
##########'##......
#..(.')))'.##......
##########.##Y.....
#.@Y..Y.YY..'......
#'#####'#####......
#.#..#..#..##......
#.#..').'..#####'##
#.##'####'###......
#.#........##......
#.#........##......
#.#####'#####...<..
#.#..[)))..##......


You could see 4 elephants.

Vanquished Creatures
  A death yak (D)
  A deep troll (D)
  A wyvern (D)
  An orc warrior (D)
  A necrophage (D)
  A crimson imp (D)
  A quasit (D)
  A worker ant (D)
  A gnoll (D)
  An adder (D)
  An adder skeleton (D)
  An orc (D)
  A ball python (D)
  A giant cockroach (D)
  A hobgoblin (D)
  2 quokkas (D)
  2 bats (D)
19 creatures vanquished.

Vanquished Creatures (collateral kills)
  A fire bat (D)
  An orc priest (D)
  An orc wizard (D)
  A worker ant (D)
  A gnoll (D)
  An adder skeleton (D)
  2 orcs (D)
  A bat zombie (D)
9 creatures vanquished.

Grand Total: 28 creatures vanquished

Notes
Turn   | Place    | Note
-------+----------+-------------------------------------------
     0 | D        | sahdkjhfkaj the Octopode Monk began the quest for the Orb.
     0 | D        | Reached XP level 1. HP: 16/16 MP: 1/1
    62 | D        | Found a bloodstained altar of Trog.
    62 | D        | Found a shimmering blue altar of Sif Muna.
    62 | D        | Found a viscous altar of Jiyva.
    62 | D        | Found a hazy altar of Hepliaklqana.
    62 | D        | Found an opulent altar of Gozag.
    63 | D        | Found a glowing golden altar of the Shining One.
    63 | D        | Found a glowing silver altar of Zin.
    63 | D        | Found a basalt altar of Yredelemnul.
    63 | D        | Found a shimmering altar of Xom.
    63 | D        | Found an ornate altar of the Wu Jian Council.
    63 | D        | Found a sacrificial altar of Ru.
    63 | D        | Found a stormy altar of Qazlal.
    63 | D        | Found an iron altar of Okawaru.
    63 | D        | Found a sparkling altar of Nemelex Xobeh.
    63 | D        | Found a burning altar of Makhleb.
    63 | D        | Found a blossoming altar of Fedhas.
    63 | D        | Found a white marble altar of Elyvilon.
    63 | D        | Found a shadowy altar of Dithmenos.
    63 | D        | Found a snail-covered altar of Cheibriados.
    67 | D        | Found a roughly hewn altar of Beogh.
    67 | D        | Found a corrupted altar of Lugonu.
    67 | D        | Found a radiant altar of Vehumet.
    68 | D        | Found a broken altar of Ashenzari.
    68 | D        | Found an ancient bone altar of Kikubaaqudgha.
    68 | D        | Found a hide-covered altar of Uskayaw.
    70 | D        | Became a worshipper of Gozag Ym Sagoz the Greedy
   281 | D        | Noticed a worker ant
   288 | D        | Killed a worker ant
   288 | D        | Reached skill level 5 in Unarmed Combat
   288 | D        | Reached XP level 2. HP: 18/22 MP: 2/2
   288 | D        | Reached XP level 3. HP: 22/27 MP: 3/3
   375 | D        | Noticed a necrophage
   390 | D        | Killed a necrophage
   390 | D        | Reached skill level 5 in Fighting
   390 | D        | Reached skill level 5 in Dodging
   390 | D        | Reached skill level 7 in Unarmed Combat
   390 | D        | Reached XP level 4. HP: 22/36 MP: 4/4
   390 | D        | Reached XP level 5. HP: 25/41 MP: 5/5
   558 | D        | Noticed a fire bat
   567 | D        | Killed a fire bat
   567 | D        | Reached skill level 9 in Unarmed Combat
   567 | D        | Reached XP level 6. HP: 25/47 MP: 6/6
   719 | D        | Bought a throwing net for 39 gold pieces
   730 | D        | Noticed a death yak
   739 | D        | Killed a death yak
   739 | D        | Reached skill level 12 in Unarmed Combat
   739 | D        | Reached XP level 7. HP: 56/57 MP: 7/7
   739 | D        | Reached XP level 8. HP: 62/63 MP: 8/8
   857 | D        | Noticed a wyvern
   857 | D        | Noticed a deep troll
   863 | D        | Killed a wyvern
   870 | D        | Killed a deep troll
   870 | D        | Reached skill level 10 in Fighting
   870 | D        | Reached skill level 10 in Dodging
   870 | D        | Reached skill level 13 in Unarmed Combat
   870 | D        | Reached XP level 9. HP: 67/71 MP: 9/9
   928 | D        | Found the +13 scythe of Curses {drain, *Curse}
  1031 | D        | Bought a scroll of blinking for 105 gold pieces
  1065 | D        | Noticed an elephant
  1065 | D        | Noticed an elephant
  1065 | D        | Noticed an elephant
  1065 | D        | Noticed an elephant
  1089 | D        | Slain by an elephant

Illustrated notes

Levels and vault maps discovered:
D:        pitsprint [storerooms_1, entrance_room_1, metal_vault_4, armoury_2,
          mini_pit_1, grid_room_1, main_hall_1, silver_pit, the_coven_3,
          the_vestibule_1, steel_vault_5, golden_pit, hallway_of_sentries,
          crystal_vault_2, iron_vault_1, final_vault]

Skill      XL: |  1  2  3  4  5  6  7  8 |
---------------+-------------------------+-----
Fighting       | 4 5 6 9 10 | 10.4
Dodging        | 4 5 6 9 10 | 10.4
Unarmed Combat | 5 7 9 12 13 | 13.8
Stealth        | |  2.6

Action                   |  1- 3 |  4- 6 |  7- 9 || total
-------------------------+-------+-------+-------++-------
Melee: Unarmed           |    26 |    16 |    28 ||    70
       Tentacles         |     8 |     5 |     8 ||    21
       Constrict         |     5 |     2 |     4 ||    11
       Punch             |       |     2 |     3 ||     5
Invok: Call Merchant     |       |     1 |     1 ||     2
  Use: Potion            |     1 |     1 |     1 ||     3
       Scroll            |       |     1 |     1 ||     2
 Stab: Sleeping          |     2 |     1 |       ||     3
Armor: Skin              |     3 |     2 |     1 ||     6
Dodge: Dodged            |    26 |    10 |    18 ||    54

Table legend: (Time is in decaauts)
 A = Elapsed time spent in this place.
 B = Non-inter-level travel time spent in this place.
 C = Inter-level travel time spent in this place.
 D = Time resting spent in this place.
 E = Time spent auto-exploring this place.
 F = Levels seen in this place.
 G = Mean time per level.
                   A        B        C        D        E       F      G
               +--------+--------+--------+--------+--------+-----+--------+
         Total |   1093 |   1044 |     49 |    715 |      0 |   1 | 1093.0 |
       Dungeon |   1093 |   1044 |     49 |    715 |      0 |   1 | 1093.0 |
               +--------+--------+--------+--------+--------+-----+--------+

Top non-repeatable levels by time:
       D: 1093 daAuts
